 Dungeon Crawl Stone Soup version 0.29-a0-284-gf9362112df (webtiles) character file.

Game seed: 6732041656049337679

1327 drugrobin the Chopper (level 8, -2/70 HPs)
             Began as a Demigod Fighter on Mar 15, 2022.
             Slain by Maggie
             ... wielding a +0 broad axe of flaming
              (5 damage)
             ... on level 6 of the Dungeon.
             The game lasted 00:14:27 (6878 turns).

drugrobin the Chopper (Demigod Fighter)             Turns: 6878, Time: 00:14:28

Health: -2/70      AC:  7    Str: 25    XL:     8   Next: 12%
Magic:  10/10      EV:  9    Int: 12    God:
Gold:   272        SH:  4    Dex: 13    Spells: 7/7 levels left

rFire   + . .      SeeInvis +   a - +10 dagger "Ankobomi" {vorpal, Int+2 SInv}
rCold   x . .      Faith    .   c - +0 buckler
rNeg    . . .      Spirit   .   l - +0 scale mail
rPois   .          Reflect  .   (no helmet)
rElec   .          Harm     .   (no cloak)
rCorr   .          Rampage  .   (no gloves)
Will    ++...                   y - +0 pair of boots
Stlth   ..........              (no amulet)
HPRegen 0.21/turn               w - ring of willpower
MPRegen 0.12/turn               j - ring of fire

@: mighty, unable to read
A: high MP 1, forlorn, divine attributes, strong-willed 1, subdued magic 1,
inability to read while threatened
a: no special abilities


You were on level 6 of the Dungeon.
You visited 1 branch of the dungeon, and saw 6 of its levels.

You collected 272 gold pieces.

Inventory:

Hand Weapons
 a - the +10 dagger "Ankobomi" (weapon) {vorpal, Int+2 SInv}
   (You found it on level 3 of the Dungeon)

   It inflicts extra damage upon your enemies.
   Int:       It affects your intelligence (+2).
   SInv:      It lets you see invisible.
 b - a +0 hand crossbow
 k - a +0 hand axe
 z - a +0 war axe
Missiles
 u - 8 silver boomerangs (quivered)
Armour
 c - a +0 buckler (worn)
 l - a +0 scale mail (worn)
 m - a +0 kite shield
 y - a +0 pair of boots (worn)
Magical Staves
 h - a staff of air
Jewellery
 j - a ring of fire (right hand)
 w - a ring of willpower (left hand)
Wands
 x - a wand of flame (18)
Scrolls
 e - a scroll of teleportation {unknown}
 g - 2 scrolls of amnesia {unknown}
 i - 2 scrolls of fear {unknown}
 q - 3 scrolls of immolation {unknown}
 s - 2 scrolls of fog {unknown}
 t - 3 scrolls of identify {unknown}
 v - a scroll of noise {unknown}
 A - 2 scrolls of enchant weapon {unknown}
 C - 3 scrolls of enchant armour {unknown}
 D - a scroll of magic mapping {unknown}
 E - a scroll of holy word {unknown}
Potions
 d - 3 potions of might
 f - a potion of brilliance
 n - a potion of flight
 o - a potion of curing {unknown}
 p - a potion of resistance {unknown}
 r - a potion of mutation
 B - a potion of invisibility {unknown}


   Skills:
 + Level 5.9 Fighting
 + Level 7.9 Axes
 - Level 2.6 Armour
 - Level 2.6 Shields


You had 7 spell levels left.
You didn't know any spells.
Your spell library contained the following spells:

 Spells                   Type           Power      Damage    Failure   Level
 Summon Forest            Summ/Tloc      0%         N/A       100%        5
 Summon Mana Viper        Hex/Summ       0%         N/A       100%        5
 Summon Cactus Giant      Summ           0%         N/A       100%        6


Dungeon Overview and Level Annotations

Branches:
Dungeon (6/15)             Temple (0/1) D:6

Shops:
D:3 (=

Annotations:
D:5 3 runed translucent doors, Hubris850's ghost, novice MfIE; Insxnity's ghost, amateur TrFi; Patoropollo's ghost, novice OpTm; SweetAndFullOfGrace's ghost, novice MiBe; pokeman's ghost, novice DEWz
D:6 Maggie


Innate Abilities, Weirdness & Mutations

You have an increased reservoir of magic. (+10% MP)
You shall have no god before yourself.
Your divine heritage dramatically boosts your attributes as you level up.
You are strong-willed. (Will+)
Your spells are a little easier to cast, but a little less powerful.
You sometimes lose the ability to read scrolls when taking damage.


Message History

Maggie is lightly wounded.
Maggie hits you with a +0 broad axe of flaming!
You feel threatened and lose the ability to read scrolls!
Maggie burns you.
You feel very mighty all of a sudden.
Maggie hits you with a +0 broad axe of flaming!
Maggie burns you.
You hit Maggie.
Maggie is moderately wounded.
Maggie casts a spell at you. The bolt of fire hits you. You resist.
* * * LOW HITPOINT WARNING * * *
Unknown command.
You puncture Maggie!
Maggie is moderately wounded.
Maggie hits you with a +0 broad axe of flaming!
* * * LOW HITPOINT WARNING * * *
Maggie burns you.
* * * LOW HITPOINT WARNING * * *
Unknown command.
Unknown command.
You puncture Maggie!
Maggie is heavily wounded.
You block Maggie's attack.
Unknown command.
Unknown command.
Unknown command.
Unknown command.
You puncture Maggie!
Maggie is severely wounded.
Maggie hits you with a +0 broad axe of flaming!
* * * LOW HITPOINT WARNING * * *
Unknown command.
Unknown command.
Unknown command.
Unknown command.
You puncture Maggie!
Maggie is almost dead.
Maggie hits you with a +0 broad axe of flaming.
You die...

.. ......... ....
.. ..⌠...⌠..# ....
..
.........#.....>
.. ....>.........#
. .........#....+
. ..⌠...⌠..#....
..........'#
......@..#.#
##.##.##@##.# # .
...##.......# .#.
.......)....#....
.......<....#...##
..
#.......###......
....
..###...........
.....
###....#...####
.....
#.....#.......
.....
#.....#..>..#


You could see Maggie.

Vanquished Creatures
  2 yaks (D:5)
  A black bear (D:4)
  An ice beast (D:6)
  An ogre (D:6)
  Blork the orc (D:4)
  A bullfrog (D:5)
  2 scorpions
  2 hounds
  A jelly (D:5)
  2 orc wizards (D:5)
  Natasha (thrice) (D:2)
  8 gnolls
  14 adders
  A white imp (D:5)
  3 ufetubi (D:5)
  3 dart slugs (D:2)
  3 worms (D:2)
  10 orcs
  8 bats
  6 endoplasms
  A giant cockroach (D:1)
  10 hobgoblins
  3 jackals (D:5)
  3 quokkas
  7 ball pythons
  4 frilled lizards
  4 goblins
  3 kobolds (D:2)
  6 rats
114 creatures vanquished.

Notes
Turn   | Place    | Note
-------+----------+-------------------------------------------
     0 | D:1      | drugrobin the Demigod Fighter began the quest for the Orb.
     0 | D:1      | Reached XP level 1. HP: 18/18 MP: 3/3
   116 | D:1      | Reached skill level 2 in Axes
   711 | D:1      | Reached XP level 2. HP: 25/25 MP: 4/4
   959 | D:2      | Reached skill level 3 in Axes
  1156 | D:2      | Noticed Natasha
  1168 | D:2      | Killed Natasha
  1169 | D:2      | Reached XP level 3. HP: 17/30 MP: 5/5
  1273 | D:2      | Noticed Natasha
  1283 | D:2      | Killed Natasha
  1284 | D:2      | Reached skill level 4 in Axes
  1284 | D:2      | Reached XP level 4. HP: 11/37 MP: 6/6
  1525 | D:2      | Noticed Natasha
  1537 | D:2      | Killed Natasha
  2049 | D:2      | Reached skill level 5 in Axes
  2125 | D:2      | Reached XP level 5. HP: 42/42 MP: 7/7
  2193 | D:2      | Identified the +1 robe "Irueficu" {Dex+4}
  2479 | D:2      | You fall into a shaft and drop 2 floors!
  2711 | D:4      | Noticed Blork the orc
  2719 | D:4      | Killed Blork the orc
  3498 | D:3      | Identified the +4 short sword of Evisceration {drain, rPois
                  | rC- MP+9 Dex-5}
  3512 | D:3      | Identified the +10 dagger "Ankobomi" {vorpal, Int+2 SInv}
  3548 | D:3      | Found Lacraw's Jewellery Shoppe.
  3900 | D:3      | Found Jeyrhuno's Antique Weapon Shoppe.
  4044 | D:4      | Reached XP level 6. HP: 45/50 MP: 8/8
  4096 | D:4      | Reached skill level 6 in Axes
  4718 | D:5      | Entered Level 5 of the Dungeon
  5191 | D:5      | Reached XP level 7. HP: 52/59 MP: 9/9
  5407 | D:5      | Found a runed translucent gate.
  5412 | D:5      | Found a runed translucent gate.
  5412 | D:5      | Noticed pokeman's ghost (novice DEWz)
  5412 | D:5      | Noticed Hubris850's ghost (novice MfIE)
  5413 | D:5      | Noticed SweetAndFullOfGrace's ghost (novice MiBe)
  5415 | D:5      | Noticed Patoropollo's ghost (novice OpTm)
  5416 | D:5      | Found a runed translucent gate.
  5416 | D:5      | Noticed Insxnity's ghost (amateur TrFi)
  5816 | D:6      | Noticed a yak
  5826 | D:6      | Noticed a yak
  5826 | D:6      | Noticed a yak
  5836 | D:5      | Killed a yak
  5837 | D:5      | Reached skill level 7 in Axes
  6154 | D:6      | Reached skill level 5 in Fighting
  6303 | D:6      | Gained mutation: Your spells are a little easier to cast,
                  | but a little less powerful. [potion of mutation]
  6303 | D:6      | Gained mutation: You are strong-willed. (Will+) [potion of
                  | mutation]
  6303 | D:6      | Gained mutation: You sometimes lose the ability to read
                  | scrolls when taking damage. [potion of mutation]
  6599 | D:6      | Reached XP level 8. HP: 69/69 MP: 10/10
  6851 | D:6      | Found a staircase to the Ecumenical Temple.
  6854 | D:6      | Noticed Maggie
  6877 | D:6      | HP: 3/70 [Maggie/+0 broad axe of flaming (7)]
  6878 | D:6      | Slain by Maggie

Illustrated notes

Levels and vault maps discovered:
D:1:      lemuel_arrival_hallway, layout_basic,
          hellmonk_ecumenical_altar_lost_god
D:2:      layout_basic, uniq_natasha
D:3:      layout_rooms, nicolae_dithmenos_shadow_blocks, serial_shops, shop,
          nicolae_shop_temple_entry_statues_fountains, chequers_decorated_corner
D:4:      layout_basic, uniq_blork_the_orc
D:5:      layout_loops_cross, kennysheep_mini_moat, gammafunk_ghost_cemetery
D:6:      layout_basic, minmay_temple_entry_large_hall, uniq_maggie

Skill      XL: |  1  2  3  4  5  6  7 |
---------------+----------------------+-----
Axes           | 2 3 4 5 6 7 |  7.9
Fighting       | 4 5 |  5.9
Armour         | |  2.6
Shields        | |  2.6

Action                   |  1- 3 |  4- 6 |  7- 9 || total
-------------------------+-------+-------+-------++-------
Melee: War axe           |    65 |    84 |    14 ||   163
       Dagger            |       |   121 |    57 ||   178
 Fire: Hand crossbow     |    26 |    58 |     1 ||    85
Throw: Boomerang         |       |       |    16 ||    16
Evoke: Wand              |       |       |     3 ||     3
  Use: Potion            |       |     1 |     5 ||     6
Armor: Scale mail        |    41 |    74 |    30 ||   145
Dodge: Dodged            |    26 |   120 |    32 ||   178
Block: Buckler           |    15 |    47 |    11 ||    73

Table legend: (Time is in decaauts)
 A = Elapsed time spent in this place.
 B = Non-inter-level travel time spent in this place.
 C = Inter-level travel time spent in this place.
 D = Time resting spent in this place.
 E = Time spent auto-exploring this place.
 F = Levels seen in this place.
 G = Mean time per level.
                   A        B        C        D        E       F      G
               +--------+--------+--------+--------+--------+-----+--------+
         Total |   6975 |   6543 |    432 |   1801 |   3190 |   6 | 1162.5 |
       Dungeon |   6975 |   6543 |    432 |   1801 |   3190 |   6 | 1162.5 |
               +--------+--------+--------+--------+--------+-----+--------+

Top non-repeatable levels by time:
     D:2: 1888 daAuts
     D:5: 1852 daAuts
     D:4: 986 daAuts
     D:3: 968 daAuts
     D:1: 958 daAuts
     D:6: 321 daAuts
